 Dungeon Crawl Stone Soup version 0.27-a0-1513-g2aaa0cc67b (webtiles) character file.

Game seed: 9902898922131894620

1376 lunkers the Fighter (level 8, -1/77 (88) HPs)
             Began as an Ogre Warper on July 10, 2021.
             Was an Initiate of Cheibriados.
             Slain by a wight (11 damage)
             ... on level 6 of the Dungeon.
             The game lasted 00:08:56 (7377 turns).

lunkers the Fighter (Ogre Warper)                   Turns: 7377, Time: 00:08:56

HP:   -1/77 (88)    AC:  4    Str: 17    XL:     8   Next: 66%
MP:   11/11         EV: 10    Int: 17    God:    Cheibriados [......]
Gold: 204           SH:  5    Dex: 15    Spells: 0/11 levels left

rFire    . . .     SeeInvis .   E - +4 hand axe
rCold    . . .     Faith    .   (no shield)
rNeg     . . .     Spirit   .   b - +0 robe
rPois    .         Reflect  +   (helmet restricted)
rElec    .         Harm     .   s - +0 cloak
rCorr    .         Rampage  .   (gloves unavailable)
Will     .....                  (boots unavailable)
Stlth    +.........             m - amulet of reflection
HPRegen  0.22/turn              n - +6 ring of dexterity
MPRegen  0.12/turn              u - ring of wizardry

@: heavily drained, very slow
A: large, unfitting armour, tough skin 1
a: Renounce Religion, Bend Time


You were on level 6 of the Dungeon.
You worshipped Cheibriados.
Cheibriados was noncommittal.
You visited 2 branches of the dungeon, and saw 7 of its levels.

You collected 204 gold pieces.

Inventory:

Hand Weapons
 a - a +0 mace
 r - a +0 flail
 E - a +4 hand axe (weapon)
Missiles
 d - 5 boomerangs of dispersal
 f - 171 stones (quivered)
Armour
 b - a +0 robe (worn)
 s - a +0 cloak (worn)
Jewellery
 m - an amulet of reflection (around neck)
 n - a +6 ring of dexterity (left hand)
 u - a ring of wizardry (right hand)
 G - an amulet of faith
Wands
 k - a wand of acid (1)
 y - a wand of flame (13)
 D - a wand of digging (6)
Scrolls
 c - a scroll of blinking
 e - 4 scrolls of teleportation {unknown}
 i - a scroll of immolation {unknown}
 l - 3 scrolls of brand weapon {unknown}
 o - 2 scrolls of magic mapping {unknown}
 p - 2 scrolls of identify {unknown}
 q - 2 scrolls of summoning {unknown}
 v - a scroll of noise {unknown}
 w - 2 scrolls of torment {unknown}
 x - a scroll of silence {unknown}
 C - a scroll of enchant armour {unknown}
Potions
 g - 2 potions of berserk rage {unknown}
 h - 3 potions of heal wounds {unknown}
 j - 2 potions of invisibility {unknown}
 t - a potion of flight {unknown}
 z - 3 potions of brilliance {unknown}
 A - 2 potions of cancellation {unknown}
 B - a potion of curing {unknown}
 F - a potion of haste {unknown}


   Skills:
 + Level 8.2 Fighting
 * Level 8.0 Maces & Flails
 - Level 1.0 Throwing
 - Level 2.1 Dodging
 - Level 2.4 Spellcasting
 - Level 2.6 Translocations


You couldn't memorise any spells.
You knew the following spells:

 Your Spells              Type           Power      Damage    Failure   Level
b - Olgreb's Toxic Radia  Pois           2%         N/A       56%         4
c - Blink                 Tloc           N/A        N/A       4%          2
d - Manifold Assault      Tloc           11%        N/A       52%         5

Your spell library contained the following spells:

 Spells                   Type           Power      Damage    Failure   Level
 Animate Skeleton         Necr           4%         N/A       8%          1
 Pain                     Necr           8%         1d4       8%          1
 Sting                    Tmut/Pois      8%         1d3       8%          1
 Gell's Gravitas          Tloc           5%         N/A       8%          3
 Lesser Beckoning         Tloc           5%         N/A       8%          3
 Teleport Other           Tloc           11%        N/A       8%          3
 Poisonous Vapours        Pois/Air       4%         N/A       12%         2
 Vampiric Draining        Necr           1%         2d6       22%         3


Dungeon Overview and Level Annotations

Branches:
Dungeon (6/15)             Temple (1/1) D:6

Altars:
Ashenzari
Cheibriados
Dithmenos
Elyvilon
Fedhas
Hepliaklqana
Kikubaaqudgha
Makhleb
Nemelex Xobeh
Okawaru
Qazlal
Ru
Sif Muna
Trog
Uskayaw
Vehumet
Wu Jian
Xom
Yredelemnul
Zin
The Shining One

Annotations:
D:4 1 runed translucent door, ew1980's ghost, amateur HuFi


Innate Abilities, Weirdness & Mutations

You are too large for most types of armour.
You have tough skin. (AC +1)


Message History

You completely miss the wight.
The wight is severely damaged.
The wight hits you with a +0 dire flail.
* * * LOW HITPOINT WARNING * * *
You feel drained.
Aiming: Corrosive Bolt
Press: ? - help, Shift-Dir - straight line, f/p - wight
Aim: a wight, wielding a +0 dire flail, wearing a +0 robe and quivering poisoned darts (severely damaged, covered in acid, 71% to hit)
The bolt of acid misses the wight.
The bolt of acid hits the wight.
The wight is splashed with acid.
You destroy the wight!
Cheibriados thoroughly appreciates the change of pace.
You block the wight's attack.
Unknown command.
You slash the wight!
You destroy the wight!
Cheibriados thoroughly appreciates the change of pace.
Your Maces & Flails skill increases to level 8!
A wight comes into view. It is wielding a +4 hand axe.
Items here: $ ( ) [.
Things that are here:
a +2 great sword; 8 silver javelins; a +0 robe You start resting.
A wight is nearby!
You start resting.
A wight is nearby!
You start resting.
A wight is nearby!
Aiming: Throw Flame
Press: ? - help, Shift-Dir - straight line, f - wight
Aim: a wight, wielding a +4 hand axe and wearing a +0 robe (68% to hit)
The puff of flame hits the wight but does no damage.
Okay, then.
Cast which spell? (? or * to list)
Okay, then.
You closely miss the wight. The wight hits you with a +4 hand axe!
* * * LOW HITPOINT WARNING * * *
You feel drained.
You barely miss the wight. The wight hits you with a +4 hand axe!
You die...

.....(.#########.##
#....#(# #..#.#
#....#(# ##.#.#
#....((# #####.#.##
##....(## #........#
#)..#.)## #.......##
##...#...## #.......#
..)#.#.#..###.......##
....###....##...@....#
.#...#...#..#)##z....#
..#.)...#..z.)##.....#
####.>.#####..##....##
..#.....#...z.......#
.#...#...#..#########
....###.....#
...#.#.#..#.#
.....#......#


You could see a wight.

Vanquished Creatures
  Grinder (D:4)
  A hornet zombie (D:4)
  A necrophage (D:5)
  A bullfrog (D:4)
  2 wyvern skeletons (D:6)
  7 wights (D:6)
  A gnoll shaman (D:5)
  A jelly (D:4)
  An orc priest (D:6)
  Crazy Yiuf (D:2)
  2 bullfrog skeletons
  2 iguanas (D:5)
  3 orc wizards (D:6)
  A killer bee zombie (D:6)
  Robin (D:2)
  5 gnolls (D:5)
  A howler monkey skeleton (D:4)
  7 adders
  A shadow imp (D:6)
  A white imp (D:6)
  A worm (D:3)
  3 dart slugs
  3 orcs
  4 bats (D:2)
  6 endoplasms
  A giant cockroach (D:1)
  15 goblins
  7 hobgoblins
  6 jackals
  3 quokkas
  3 ball pythons
  3 frilled lizards
  8 kobolds
  6 rats
110 creatures vanquished.

Vanquished Creatures (others)
  2 withered plants (D:4)
2 creatures vanquished.

Grand Total: 112 creatures vanquished

Notes
Turn   | Place    | Note
-------+----------+-------------------------------------------
     0 | D:1      | lunkers the Ogre Warper began the quest for the Orb.
     0 | D:1      | Reached XP level 1. HP: 22/22 MP: 3/3
   338 | D:1      | Reached XP level 2. HP: 27/31 MP: 5/5
   557 | D:1      | Found a faded altar of an unknown god.
  1234 | D:1      | Reached XP level 3. HP: 25/37 MP: 6/6
  1947 | D:2      | Noticed Robin
  2293 | D:1      | Reached XP level 4. HP: 21/48 MP: 7/7
  2468 | D:2      | Killed Robin
  2978 | D:2      | Found a runed translucent door.
  2979 | D:2      | Noticed Crazy Yiuf
  3198 | D:2      | Killed Crazy Yiuf
  3199 | D:2      | Reached XP level 5. HP: 55/55 MP: 8/8
  3961 | D:4      | Noticed Grinder
  3973 | D:4      | Killed Grinder
  3974 | D:4      | Reached skill level 5 in Fighting
  3974 | D:4      | Reached skill level 5 in Maces & Flails
  3974 | D:4      | Reached XP level 6. HP: 59/66 MP: 9/9
  4128 | D:4      | Found a shadowy altar of Dithmenos.
  4393 | D:4      | Found a runed translucent door.
  4394 | D:4      | Noticed ew1980's ghost (amateur HuFi)
  4398 | D:4      | Found a burning altar of Makhleb.
  4408 | D:4      | Found a radiant altar of Vehumet.
  4408 | D:4      | Found a bloodstained altar of Trog.
  4410 | D:4      | Found a stormy altar of Qazlal.
  4454 | D:4      | Reached XP level 7. HP: 67/74 MP: 10/10
  4506 | D:4      | Found a blossoming altar of Fedhas.
  4930 | D:5      | Entered Level 5 of the Dungeon
  5388 | D:5      | Reached XP level 8. HP: 80/87 MP: 11/11
  5552 | D:5      | Learned a level 4 spell: Olgreb's Toxic Radiance
  5555 | D:5      | Learned a level 2 spell: Blink
  5561 | D:5      | Learned a level 5 spell: Manifold Assault
  5750 | D:6      | Found a staircase to the Ecumenical Temple.
  5768 | Temple   | Entered the Ecumenical Temple
  5939 | Temple   | Became a worshipper of Cheibriados the Contemplative
  7377 | D:6      | Slain by a wight

Illustrated notes

Levels and vault maps discovered:
D:1:      amcnicky_arrival_double_pillar, layout_basic,
          shapermc_ecumenical_altar_flowoftime
D:2:      layout_rooms, grunt_ministairs_2, uniq_robin, uniq_crazy_yiuf_cottage
D:3:      layout_basic, serial_glass, glass_columns_c, glass_columns_a,
          chequers_serial_rivers_micro_e
D:4:      layout_loops_ring, nicolae_dithmenos_shadow_blocks,
          grunt_temple_overflow_open, fedhas_altar_fruit_tree,
          gammafunk_ghost_grave, uniq_grinder
D:5:      layout_rooms
D:6:      cheibrodos_iron_armory, layout_basic, minmay_temple_entry_arrows,
          ebering_ghost_disaster_area
Temple:   regret_index_temple_waves

Skill      XL: |  1  2  3  4  5  6  7  8 |
---------------+-------------------------+-----
Maces & Flails | 2 3 4 5 6 8 |  8.0
Fighting       | 3 4 5 7 8 |  8.2
Throwing       | |  1.0
Dodging        | |  2.1
Spellcasting   | |  2.4
Translocations | |  2.6

Action                   |  1- 3 |  4- 6 |  7- 9 || total
-------------------------+-------+-------+-------++-------
Melee: Mace              |   118 |    41 |       ||   159
       Quarterstaff      |       |    54 |    61 ||   115
       Hand axe          |       |       |    74 ||    74
       Flail             |       |       |    26 ||    26
Throw: Stone             |    10 |    57 |    58 ||   125
Evoke: Wand              |     1 |     6 |     5 ||    12
 Stab: Paralysed         |       |       |     4 ||     4
Armor: Robe              |    49 |    25 |    22 ||    96
Dodge: Dodged            |    66 |    47 |    45 ||   158
Block: Other             |       |    18 |    40 ||    58
       Reflection        |       |       |     2 ||     2

Table legend: (Time is in decaauts)
 A = Elapsed time spent in this place.
 B = Non-inter-level travel time spent in this place.
 C = Inter-level travel time spent in this place.
 D = Time resting spent in this place.
 E = Time spent auto-exploring this place.
 F = Levels seen in this place.
 G = Mean time per level.
                   A        B        C        D        E       F      G
               +--------+--------+--------+--------+--------+-----+--------+
         Total |   7527 |   7179 |    348 |    917 |   5234 |   7 | 1075.3 |
       Dungeon |   7295 |   7006 |    289 |    917 |   5070 |   6 | 1215.8 |
        Temple |    232 |    173 |     59 |      0 |    164 |   1 |  232.0 |
               +--------+--------+--------+--------+--------+-----+--------+

Top non-repeatable levels by time:
     D:1: 2013 daAuts
     D:6: 1496 daAuts
     D:2: 1262 daAuts
     D:4: 974 daAuts
     D:5: 809 daAuts
     D:3: 738 daAuts
  Temple: 232 daAuts
